 Dungeon Crawl Stone Soup version 0.29.0-11-gd7f09526c8 (webtiles) character file.

Game seed: 1435572884319904648

275 keekatzer the Trooper (level 6, -2/39 (57) HPs)
             Began as a Draconian Monk on Sept 6, 2022.
             Slain by an orc wizard
             ... wielding a +2 dagger of draining
              (6 damage)
             ... on level 3 of the Dungeon.
             The game lasted 00:09:08 (2113 turns).

keekatzer the Trooper (Draconian Monk)              Turns: 2113, Time: 00:09:08

HP:   -2/39 (57)    AC:  6    Str: 13    XL:     6   Next: 3%
MP:   6/6           EV: 14    Int: 10    God:
Gold: 196           SH:  0    Dex: 16    Spells: 5/5 levels left

rFire   . . .      SeeInvis .   e - +0 trident
rCold   . . .      Faith    .   (no shield)
rNeg    . . .      Spirit   .   (body armour unavailable)
rPois   .          Reflect  .   (helmet restricted)
rElec   .          Harm     .   (no cloak)
rCorr   .          Rampage  .   (no gloves)
Will    .....                   (no boots)
Stlth   +.........              (no amulet)
HPRegen 0.13/turn               (no ring)
MPRegen 0.10/turn               (no ring)

@: confused, very heavily drained
A: AC +6, unfitting armour, cold-blooded
a: no special abilities


You were on level 3 of the Dungeon.
You visited 1 branch of the dungeon, and saw 3 of its levels.

You collected 196 gold pieces.

Inventory:

Hand Weapons
 e - a +0 trident (weapon)
 n - a +2 short sword of venom
Jewellery
 k - a ring of magical power
Wands
 h - a wand of roots (8)
Scrolls
 a - a scroll of teleportation {unknown}
 d - 3 scrolls of amnesia {unknown}
 i - a scroll of silence {unknown}
 j - a scroll of poison {unknown}
 p - a scroll of identify {unknown}
 q - a scroll of noise {unknown}
Potions
 b - a potion of ambrosia
 c - 2 potions of curing
 f - a potion of berserk rage {unknown}
 g - a potion of flight {unknown}
 l - a potion of degeneration {unknown}
 m - a potion of resistance {unknown}
 o - a potion of attraction {unknown}


   Skills:
 + Level 5.7 Fighting
 - Level 3.0 Polearms
 + Level 4.7 Dodging
 - Level 1.7 Stealth


You had 5 spell levels left.
You didn't know any spells.
Your spell library was empty.

Dungeon Overview and Level Annotations

Branches:
Dungeon (3/15)

Altars:
Xom


Innate Abilities, Weirdness & Mutations

Your plain brown scales are hard. (AC +6)
You cannot fit into any form of body armour.
You are cold-blooded and may be slowed by cold attacks.


Message History

The orc wizard is almost dead.
You feel less confused. The orc wizard misses you.
The orc wizard hits you with a +2 dagger of draining.
* * * LOW HITPOINT WARNING * * *
You feel drained.
* * * LOW HITPOINT WARNING * * *
You barely miss the orc wizard.
The orc wizard is almost dead.
The orc wizard hits you but does no damage. x2
You feel drained.
You puncture the orc wizard!
You kill the orc wizard!
The orc wizard hits you but does no damage.
You feel drained.
You have reached level 6!
Your scales feel tougher.
You barely miss the orc wizard.
The orc wizard is almost dead.
The orc wizard gestures wildly while chanting.
The orc wizard flickers and vanishes!
Deactivating autopickup; reactivate with Ctrl-A.
You closely miss something. Something hits you but does no damage.
You feel drained.
You miss something.
You hear some strange, mumbled words.
You are confused.
Something hits you.
* * * LOW HITPOINT WARNING * * *
You feel drained.
* * * LOW HITPOINT WARNING * * *
You hit something. Something hits you.
* * * LOW HITPOINT WARNING * * *
You feel drained.
* * * LOW HITPOINT WARNING * * *
Unknown command.
You barely miss something. Something hits you but does no damage.
You feel drained. Something hits you.
You die...

#.#.###..#...
.#(###.#..#...#.##
.... ..##.#.###.##
###.######.#.....#.
#..........##...##.
#..................
##...........###....
#............# #####
#..@......(.<#
#...)........#
#.#.....$....#
#.#..........#
#.#............
#.#####......... #+
#.........#
...........#
############


There were no monsters in sight!

Vanquished Creatures
  An orc priest (D:3)
  Natasha (thrice) (D:3)
  3 orc wizards (D:3)
  An adder (D:3)
  2 worms
  2 dart slugs
  5 orcs
  9 ball pythons
  6 endoplasms
  3 giant cockroaches
  5 goblins
  6 hobgoblins
  2 jackals (D:3)
  5 kobolds
  3 quokkas (D:1)
  6 bats
  3 frilled lizards
  10 rats
75 creatures vanquished.

Notes
Turn   | Place    | Note
-------+----------+-------------------------------------------
     0 | D:1      | keekatzer the Draconian Monk began the quest for the Orb.
     0 | D:1      | Reached XP level 1. HP: 19/19 MP: 1/1
    49 | D:1      | Reached XP level 2. HP: 13/26 MP: 2/2
   399 | D:1      | Reached skill level 4 in Fighting
   495 | D:1      | Reached XP level 3. HP: 32/33 MP: 3/3
  1226 | D:3      | Noticed Natasha
  1329 | D:3      | Reached XP level 4. HP: 31/41 MP: 4/4
  1364 | D:3      | Killed Natasha
  1423 | D:3      | Reached skill level 5 in Fighting
  1430 | D:3      | Reached XP level 5. HP: 20/48 MP: 5/5
  1500 | D:3      | Noticed Natasha
  1669 | D:3      | Killed Natasha
  1773 | D:3      | Found a shimmering altar of Xom.
  1804 | D:3      | Noticed Natasha
  1822 | D:3      | Killed Natasha
  2107 | D:3      | Reached XP level 6. HP: 11/44 MP: 6/6
  2113 | D:3      | Slain by an orc wizard

Illustrated notes

Levels and vault maps discovered:
D:1:      wander_arrival_lonely_grave, layout_rooms
D:2:      layout_loops_corners
D:3:      layout_basic, lemuel_round_altar, kennysheep_orc_chapel, uniq_natasha

Skill      XL: |  1  2  3  4 |
---------------+-------------+-----
Dodging        | 3 4 |  4.7
Fighting       | 4 5 |  5.7
Polearms       | |  3.0
Stealth        | |  1.7

Action                   |  1- 3 |  4- 6 || total
-------------------------+-------+-------++-------
Melee: Spear             |    29 |       ||    29
       Tailslap          |    13 |    18 ||    31
       Trident           |   104 |   120 ||   224
       Punch             |       |     3 ||     3
 Stab: Sleeping          |    11 |     2 ||    13
Armor: Skin              |    30 |    38 ||    68
Dodge: Dodged            |    72 |    90 ||   162
